 Dungeon Crawl Stone Soup version 0.27-a0-1181-g5f64966fcc (webtiles) character file.

Game seed: 14079938177169525573

111 leviel the Magician (level 5, -11/37 HPs)
             Began as a Djinni Earth Elementalist on May 17, 2021.
             Mangled by an ice beast (18 damage)
             ... on level 4 of the Dungeon.
             The game lasted 00:03:57 (3657 turns).

leviel the Magician (Djinni Earth Elementalist)     Turns: 3657, Time: 00:03:57

Health: -11/37     AC:  3    Str:  7    XL:     5   Next: 15%
Gold:   96         EV: 12    Int: 18    God:
                   SH:  0    Dex: 13

rFire    + + .     SeeInvis .   a - +0 quarterstaff
rCold    x . .     Faith    .   (shield currently unavailable)
rNeg     . . .     Spirit   .   c - +0 robe
rPois    ∞         Reflect  .   f - +0 helmet
rElec    .         Harm     .   (no cloak)
rCorr    .         Rampage  .   (no gloves)
Will     .....                  (boots unavailable)
Stlth    ++........             (no amulet)
HPRegen  0.12/turn              (no ring)
MPRegen  0.00/turn              (no ring)

@: flying
A: sickness immunity, fire resistance 2, cold vulnerability 1, float, innate
caster, hp casting, extra vitality 1
a: no special abilities


You were on level 4 of the Dungeon.
You visited 1 branch of the dungeon, and saw 4 of its levels.

You collected 96 gold pieces.

Inventory:

Hand Weapons
 a - a +0 quarterstaff (weapon)
Missiles
 b - 92 stones
 l - 3 atropa-tipped darts
Armour
 c - a +0 robe (worn)
 f - a +0 helmet (worn)
Scrolls
 d - a scroll of enchant armour {unknown}
 e - 4 scrolls of identify {unknown}
 h - 3 scrolls of noise {unknown}
 i - a scroll of enchant weapon {unknown}
 j - a scroll of teleportation {unknown}
Potions
 k - a potion of brilliance {unknown}


   Skills:
 + Level 1.0 Fighting
 + Level 2.1 Staves
 + Level 2.9 Dodging
 + Level 2.1 Stealth
 + Level 3.0 Spellcasting


You couldn't memorise any spells.
You knew the following spells:

 Your Spells              Type           Power      Damage    Failure   Level
a - Sandblast             Erth           26%        2d8       4%          1
b - Passwall              Tmut/Erth      10%        N/A       7%          2
c - Stone Arrow           Conj/Erth      26%        3d8       14%         3
d - Petrify               Tmut/Erth      13%        N/A       43%         4
e - Lee's Rapid Deconstr  Erth           6%         3d7*      78%         5
f - Foxfire               Conj/Fire      52%        2x1d6     4%          1
g - Slow                  Hex            13%        N/A       7%          2
Your spell library was empty.

Dungeon Overview and Level Annotations

Branches:
Dungeon (4/15)
 Temple: D:4-7

Altars:


Innate Abilities, Weirdness & Mutations

You are immune to sickness and miasma.
You are immune to poison.
Your flesh is very heat resistant. (rF++)
You are vulnerable to cold. (rC-)
You float through the air rather than walking.
You learn spells naturally, not from books.
Your magical power is your life essence.
You have superior vitality. (+4 HP)


Message History

Your foxfire dissipates!
Your foxfire dissipates!
There is an escape hatch in the ceiling here.
There is an escape hatch in the ceiling here.
You conjure some foxfire!
The ice beast hits you. The ice beast freezes you!
You feel a terrible chill!
Your foxfire dissipates!
You see here 19 bolts.
An orc comes into view. It is wielding a +0 club.
Found a stone staircase leading up.
The orc shouts!
You hit the orc.
The orc is lightly wounded.
The orc closely misses you. The ice beast barely misses you.
You hit the orc but do no damage.
The orc is lightly wounded.
The ice beast misses you. The orc closely misses you.
The orc hits you with a +0 club. The orc completely misses you.
Found 21 stones.
There is a stone staircase leading up here.
The ice beast barely misses you.
You conjure some foxfire!
The ice beast hits you. The ice beast freezes you!
You feel a terrible chill!
* * * LOW HITPOINT WARNING * * *
The foxfire hits the orc but does no damage.
The orc is lightly wounded.
The foxfire hits the ice beast.
The ice beast melts!
The ice beast is lightly wounded.
Found 18 stones.
There is a shaft here.
The orc falls through a shaft!
The shaft crumbles and collapses.
You see here a +0 club.
A black bear comes into view.
It was a potion of magic.
Magic courses through your body.
The black bear growls angrily.
You hear a bark!
The ice beast hits you.
* * * LOW HITPOINT WARNING * * *
The ice beast freezes you!!
You feel a terrible chill!
You die...

.#.#..........#.########
#...#.......#.#.#
##......###.....#
####...........#
#..####.....###### #..#
#.<.......(. #####..#
#......#### .......#
#..).Y.#
######.######.##@#
#........##......h.
#################..


You could see a black bear and an ice beast.

Vanquished Creatures
  A centaur skeleton (D:2)
  An adder (D:3)
  A howler monkey skeleton (D:4)
  2 dart slugs
  2 orcs
  6 endoplasms
  A giant cockroach (D:1)
  6 goblins
  4 hobgoblins
  3 jackals (D:2)
  2 quokkas
  7 ball pythons
  4 bats
  5 frilled lizards (D:2)
  4 kobolds
  6 rats
55 creatures vanquished.

Vanquished Creatures (others)
  2 foxfires (D:4)
2 creatures vanquished.

Grand Total: 57 creatures vanquished

Notes
Turn   | Place    | Note
-------+----------+-------------------------------------------
     0 | D:1      | leviel the Djinni Earth Elementalist began the quest for
                  | the Orb.
     0 | D:1      | Reached XP level 1. HP: 15/15 MP: 0/0
   265 | D:1      | Reached XP level 2. HP: 19/21 MP: 0/0
   771 | D:1      | Found a faded altar of an unknown god.
  1269 | D:2      | Reached XP level 3. HP: 24/25 MP: 0/0
  1269 | D:2      | Learned a level 1 spell: Foxfire
  1420 | D:2      | Reached skill level 1 in Staves
  1434 | D:2      | Reached XP level 4. HP: 6/31 MP: 0/0
  3377 | D:4      | Reached skill level 1 in Fighting
  3377 | D:4      | Reached XP level 5. HP: 29/37 MP: 0/0
  3377 | D:4      | Learned a level 2 spell: Slow
  3492 | D:4      | Reached skill level 3 in Spellcasting
  3580 | D:4      | Noticed an ice beast
  3656 | D:4      | Noticed a black bear
  3657 | D:4      | Mangled by an ice beast

Illustrated notes

Levels and vault maps discovered:
D:1:      dpeg_arrival_leaves_temple_mockup, layout_basic,
          ebering_ecumenical_altar_box, minmay_misc_feat_hallway
D:2:      layout_basic
D:3:      kennysheep_big_flooded_room, layout_basic
D:4:      layout_loops_ring, jmf_multi_god_temple2, kennysheep_generic_room_11,
          uniq_edmund, uniq_grinder, uniq_pikel

Skill      XL: |  1  2  3  4  5 |
---------------+----------------+-----
Staves         | 1 2 |  2.1
Stealth        | 2 |  2.1
Fighting       | 1 |  1.0
Spellcasting   | 3 |  3.0
Dodging        | |  2.9

Action                   |  1- 3 |  4- 6 || total
-------------------------+-------+-------++-------
Melee: Quarterstaff      |    72 |    31 ||   103
 Cast: Sandblast         |     8 |    25 ||    33
       Foxfire           |       |     4 ||     4
  Use: Potion            |     2 |     1 ||     3
 Stab: Sleeping          |     4 |     1 ||     5
Armor: Robe              |    17 |    12 ||    29
       Skin              |    37 |       ||    37
Dodge: Dodged            |    51 |    45 ||    96

Table legend: (Time is in decaauts)
 A = Elapsed time spent in this place.
 B = Non-inter-level travel time spent in this place.
 C = Inter-level travel time spent in this place.
 D = Time resting spent in this place.
 E = Time spent auto-exploring this place.
 F = Levels seen in this place.
 G = Mean time per level.
                   A        B        C        D        E       F      G
               +--------+--------+--------+--------+--------+-----+--------+
         Total |   3681 |   3488 |    193 |    631 |   2458 |   4 |  920.2 |
       Dungeon |   3681 |   3488 |    193 |    631 |   2458 |   4 |  920.2 |
               +--------+--------+--------+--------+--------+-----+--------+

Top non-repeatable levels by time:
     D:2: 1314 daAuts
     D:1: 1205 daAuts
     D:3: 851 daAuts
     D:4: 310 daAuts
